 Dungeon Crawl Stone Soup version 0.20.1-1-g8b1a95d (webtiles) character file.

3311 Berahthraban the Insei (level 10, 0/58 HPs)
             Began as a Human Transmuter on Aug 26, 2017.
             Was an Initiate of Hepliaklqana.
             Slain by a killer bee (9 damage)
             ... on level 9 of the Dungeon.
             The game lasted 01:15:27 (11156 turns).

Berahthraban the Insei (Human Transmuter)          Turns: 11156, Time: 01:15:27

Health: 0/58       AC:  2    Str: 10    XL:     10   Next: 21%
Magic:  0/13       EV: 27    Int: 15    God:    Hepliaklqana [......]
Gold:   506        SH:  0    Dex: 21    Spells: 7/13 levels left

rFire    . . .     SeeInvis +     - Unarmed
rCold    + . .     Gourm    .   (shield currently unavailable)
rNeg     . . .     Faith    .   (armour currently unavailable)
rPois    x         Spirit   +   (helmet currently unavailable)
rElec    .         Reflect  .   (cloak currently unavailable)
rCorr    .         Harm     .   (gloves currently unavailable)
MR       .....                  (boots currently unavailable)
Stlth    +++.......             k - amulet of guardian spirit
Regen    0.2/turn               E - ring of see invisible
MPRegen  0.2/turn               e - ring of protection from cold

@: lethally poisoned (0 -> -16), spider-form (expiring)
A: reduced essence
a: End Transformation, Recall Ancestor, Ancestor Identity, Renounce Religion


You were on level 9 of the Dungeon.
You worshipped Hepliaklqana.
Hepliaklqana was noncommittal.
You were hungry.
You were a venomous arachnid creature.
You visited 2 branches of the dungeon, and saw 10 of its levels.

You collected 506 gold pieces.

Inventory:

Hand Weapons
 x - the +1 trident of Hepliaklqana's Wrath {holy, Int+6 Dex+3, unknown}
   (You found it on level 9 of the Dungeon)

   It has been blessed by the Shining One to cause great damage to the undead
   and demons.
   It affects your intelligence (+6).
   It affects your dexterity (+3).
 B - a +3 hand axe of holy wrath
Missiles
 a - 74 arrows
 j - 100 stones (quivered)
Armour
 b - a +0 robe
 h - a +0 ring mail of fire resistance
 s - a +1 leather armour of fire resistance (melded)
 v - a +0 buckler
 z - a +0 helmet (melded)
Jewellery
 e - a ring of protection from cold (right front leg)
 k - an amulet of guardian spirit (around neck)
 w - an uncursed ring of resist corrosion
 y - an uncursed ring of fire
 C - an uncursed amulet of faith
 E - a ring of see invisible (left front leg)
Wands
 u - a wand of disintegration (7/24)
 D - a wand of lightning (6/15)
Scrolls
 g - 2 scrolls of amnesia
 i - 5 scrolls of enchant weapon
 l - 2 scrolls of noise {unknown}
 n - 3 scrolls of magic mapping
 o - 3 scrolls of teleportation
 r - 8 scrolls of remove curse
 t - 2 scrolls of immolation
Potions
 f - 2 potions of might
 m - a potion of flight
Books
 c - a book of Changes

   Spells                             Type                      Level
   a - Beastly Appendage              Transmutation                1
   b - Sticks to Snakes               Transmutation                2
   c - Spider Form                    Transmutation/Poison         3
   d - Ice Form                       Ice/Transmutation            4
   e - Blade Hands                    Transmutation                5
 p - a book of Ice

   Spells                             Type                      Level
   a - Ice Form                       Ice/Transmutation            4
   b - Metabolic Englaciation         Hexes/Ice                    5
   c - Ozocubu's Refrigeration        Ice                          6
   d - Bolt of Cold                   Conjuration/Ice              6
   e - Freezing Cloud                 Conjuration/Ice/Air          6
   f - Simulacrum                     Ice/Necromancy               6
Comestibles
 d - 8 bread rations
 q - 4 meat rations


   Skills:
 - Level 1.0 Fighting
 + Level 3.4 Armour
 * Level 7.0 Dodging
 - Level 3.1 Stealth
 + Level 1.4 Shields
 + Level 7.3 Unarmed Combat
 - Level 2.0 Spellcasting
 * Level 6.6 Transmutations
 - Level 5.4 Poison Magic
 - Level 1.1 Evocations


You had 7 spell levels left.
You knew the following spells:

 Your Spells              Type           Power        Failure   Level  Hunger
a - Beastly Appendage     Tmut           ###...       7%          1    #......
b - Sticks to Snakes      Tmut           ###.....     9%          2    ###....
c - Spider Form           Tmut/Pois      ###.......   16%         3    ###....


Dungeon Overview and Level Annotations

Branches:
Dungeon (9/15)             Temple (1/1) D:7
   Lair: D:8-11         Orc: D:9-12

Altars:
Ashenzari
Cheibriados
Elyvilon
Fedhas
Hepliaklqana
Kikubaaqudgha
Makhleb
Nemelex Xobeh
Qazlal
Ru
Sif Muna
Uskayaw
Xom

Annotations:
D:1 cleared
D:2 cleared
D:3 cleared
D:4 cleared
D:6 cleared
D:7 Joseph; siprus's ghost, novice DsAK
D:8 letownia's ghost, novice OpTm
D:9 exclusion: 2 electric eels


Message History

Your ball python completely misses the killer bee.
Your ball python barely misses the killer bee.
The orc priest looks satisfied for a moment.
The killer bee stings your ball python!
Your ball python dies!
You hit the killer bee.
The killer bee looks as sick as possible!
The killer bee is almost dead.
* * * LOW HITPOINT WARNING * * *
You feel sick.
You kill the killer bee!
Your ball python closely misses the killer bee.
Your ball python grabs the killer bee.
Your ball python constricts the killer bee.
The killer bee stings your ball python.
Your ball python dies!
You closely miss the killer bee.
* * * LOW HITPOINT WARNING * * *
You feel sick. The killer bee stings you!
You die...

...≈≈≈≈≈..........≈≈≈..
.....≈≈≈..........≈≈≈≈≈.
..................≈≈≈≈≈.
..................≈≈≈≈≈.
.).................≈≈≈..
..........#####.........
..........# #.........
..........# .........
≈≈. #s..# ........ ≈≈.
#y..#####. ...... ≈...
#yo........ ...... .....
#o................
.....#####†o........
......
......oo)oo........#
###...
........)....>.....#
#...
............>.>....#
#...
...................#
#...


You could see 2 killer bees, an orc priest and 4 orcs.

Vanquished Creatures
  A two-headed ogre (D:8)
  Grinder (D:3)
  A wyvern (D:3)
  Duvessa (D:5)
  A phantom (D:9)
  2 ogres
  A centaur (D:6)
  3 bullfrogs (D:6)
  3 scorpions
  Dowan (D:5)
  4 killer bees (D:9)
  2 howler monkeys
  A crimson imp (D:8)
  2 bullfrog zombies
  2 orc priests (D:6)
  2 hounds
  2 iguanas (D:4)
  4 orc wizards
  3 worker ants (D:6)
  6 gnolls
  A worker ant zombie (D:5)
  5 adders
  3 oozes
  An adder skeleton (D:4)
  6 worms
  2 dart slugs (D:2)
  5 leopard geckos
  19 orcs
  5 giant cockroaches
  11 hobgoblins
  2 jackals
  11 kobolds
  4 quokkas
  A ball python (D:1)
  2 ball python skeletons
  8 bats
  9 frilled lizards
  9 goblins
  A quokka skeleton (D:3)
  15 rats
  A fungus (D:5)
164 creatures vanquished.

Vanquished Creatures (collateral kills)
  Menkaure (D:6)
  A black bear (D:6)
  An ogre (D:4)
  A centaur (D:8)
  4 killer bees (D:9)
  A crimson imp (D:8)
  An orc priest (D:4)
  3 orc wizards
  4 gnolls
  2 adders
  12 orcs
  A hobgoblin (D:3)
  A kobold (D:3)
  A bat (D:2)
34 creatures vanquished.

Vanquished Creatures (others)
  3 ancestors
3 creatures vanquished.

Grand Total: 201 creatures vanquished

Notes
Turn   | Place    | Note
-------+----------+-------------------------------------------
     0 | D:1      | Berahthraban the Human Transmuter began the quest for the Orb.
     0 | D:1      | Reached XP level 1. HP: 15/15 MP: 3/3
   147 | D:1      | Reached XP level 2. HP: 18/21 MP: 3/5
   151 | D:1      | Learned a level 2 spell: Sticks to Snakes
   509 | D:1      | Reached XP level 3. HP: 25/26 MP: 4/6
  1390 | D:2      | Reached XP level 4. HP: 18/32 MP: 3/7
  2817 | D:2      | Reached XP level 5. HP: 37/37 MP: 8/8
  4245 | D:3      | Noticed Grinder
  4432 | D:4      | Reached XP level 6. HP: 9/43 MP: 1/9
  5104 | D:4      | Learned a level 3 spell: Spider Form
  5116 | D:4      | Found a blossoming altar of Fedhas.
  5129 | D:4      | Found a hide-covered altar of Uskayaw.
  5211 | D:4      | Noticed an ogre
  5233 | D:4      | Noticed an ogre
  5250 | D:5      | Entered Level 5 of the Dungeon
  5250 | D:5      | Noticed Duvessa
  5250 | D:5      | Noticed Dowan
  5250 | D:5      | Noticed an ogre
  5379 | D:4      | Killed an ogre
  5379 | D:4      | Reached XP level 7. HP: 47/48 MP: 4/10
  5626 | D:4      | Reached skill level 5 in Unarmed Combat
  6830 | D:6      | Reached skill level 1 in Poison Magic
  7024 | D:6      | Reached skill level 5 in Dodging
  7161 | D:6      | Reached XP level 8. HP: 27/54 MP: 2/11
  7566 | D:6      | Noticed Menkaure
  7596 | D:6      | Killed Menkaure
  7945 | D:6      | Reached skill level 5 in Transmutations
  8255 | D:7      | Noticed siprus's ghost (novice DsAK)
  8336 | D:3      | Found a blossoming altar of Fedhas.
  8492 | D:3      | Paralysed by Grinder for 4 turns
  8494 | D:3      | Killed Grinder
  8494 | D:3      | Reached skill level 1 in Armour
  8494 | D:3      | Reached XP level 9. HP: 41/59 MP: 7/12
  9212 | D:5      | Killed Dowan
  9229 | D:5      | Found a sparkling altar of Nemelex Xobeh.
  9257 | D:5      | Killed Duvessa
  9257 | D:5      | Reached skill level 1 in Stealth
  9257 | D:5      | Reached skill level 1 in Evocations
  9263 | D:5      | Found a burning altar of Makhleb.
  9552 | D:7      | Noticed Joseph
  9594 | D:7      | Found a staircase to the Ecumenical Temple.
  9871 | Temple   | Entered the Ecumenical Temple
  9923 | Temple   | Became a worshipper of Hepliaklqana the Forgotten
 10035 | D:8      | Noticed a two-headed ogre
 10081 | D:8      | Killed a two-headed ogre
 10081 | D:8      | Reached skill level 5 in Poison Magic
 10268 | D:8      | Reached XP level 10. HP: 14/58 MP: 2/13
 10548 | D:8      | Noticed letownia's ghost (novice OpTm)
 10910 | D:9      | Got a shimmering trident
 11109 | D:9      | Reached skill level 1 in Shields
 11156 | D:9      | Slain by a killer bee

Skill      XL: |  1  2  3  4  5  6  7  8  9 10 |
---------------+-------------------------------+-----
Dodging        | 3 4 5 6 7 |  7.0
Unarmed Combat | 4 5 6 7 |  7.3
Transmutations | 3 4 5 6 |  6.6
Poison Magic   | 2 4 5 |  5.4
Armour         | 1 3 |  3.4
Stealth        | 2 3 |  3.1
Evocations     | 1 |  1.1
Shields        | 1 |  1.4
Fighting       | |  1.0
Spellcasting   | |  2.0

Action                   |  1- 3 |  4- 6 |  7- 9 | 10-12 || total
-------------------------+-------+-------+-------+-------++-------
Melee: Unarmed           |   123 |   174 |   337 |    50 ||   684
       Kick              |    16 |    19 |    29 |     5 ||    69
       Headbutt          |     6 |    14 |    12 |       ||    32
       Punch             |     2 |     3 |     6 |       ||    11
Throw: Stone             |    16 |    55 |    83 |     6 ||   160
 Cast: Beastly Appendage |    26 |    30 |    42 |     5 ||   103
       Sticks to Snakes  |       |    27 |    27 |     4 ||    58
       Spider Form       |       |       |     8 |     2 ||    10
  Use: Potion            |       |     5 |     8 |       ||    13
       Scroll            |       |       |     8 |     1 ||     9
 Stab: Sleeping          |     2 |     1 |     5 |       ||     8
       Distracted        |       |       |     1 |       ||     1
  Eat: Chunk             |     2 |    13 |    16 |     1 ||    32
       Fruit             |       |     3 |     1 |       ||     4
       Royal jelly       |       |       |     1 |     1 ||     2
Armor: Robe              |    10 |    21 |    17 |       ||    48
       Skin              |       |     4 |     4 |       ||     8
       Leather armour    |       |       |     4 |     8 ||    12
Dodge: Dodged            |    56 |   122 |   288 |    90 ||   556
